 Seeded DCSS version 0.30.1-11-g7821555f0a (webtiles) character file.

Game seed: 2171917802256057901 (custom seed)

109 fireball365 the Chopper (level 4, 0/40 HPs)
             Began as a Hill Orc Fighter on Dec 14, 2023.
             Slain by Sigmund
             ... wielding a +0 scythe
              (7 damage)
             ... on level 2 of the Dungeon.
             The game lasted 00:04:07 (2048 turns).

fireball365 the Chopper (Hill Orc Fighter)          Turns: 2048, Time: 00:04:08

Health: 0/40       AC: 11    Str: 20    XL:     4   Next: 90%
Magic:  4/4        EV:  9    Int:  8    God:
Gold:   61         SH:  4    Dex: 10    Spells: 3/3 levels left

rFire   . . .        a - +0 war axe
rCold   . . .        c - +0 buckler
rNeg    . . .        b - +0 scale mail
rPois   .            (no helmet)
rElec   .            r - +2 cloak
rCorr   .            (no gloves)
SInv    .            f - +0 pair of boots
Will    .....        (no amulet) Stlth
                     (no ring)
HPRegen 0.26/turn    (no ring)
MPRegen 0.09/turn

%: no passive effects
@: attractive
A: no striking features
a: no special abilities


You were on level 2 of the Dungeon.
You visited 1 branch of the dungeon, and saw 2 of its levels.

You collected 61 gold pieces.

Inventory:

Hand Weapons
 a - a +0 war axe (weapon)
Missiles
 e - 4 silver boomerangs (quivered)
Armour
 b - a +0 scale mail (worn)
 c - a +0 buckler (worn)
 f - a +0 pair of boots (worn)
 i - a scarf of repulsion
 r - a +2 cloak (worn)
Scrolls
 g - a scroll of immolation {unknown}
 h - a scroll of blinking
 k - a scroll of enchant weapon {unknown}
 l - 2 scrolls of identify
 m - a scroll of amnesia {unknown}
 n - a scroll of magic mapping {unknown}
 p - a scroll of poison {unknown}
 q - a scroll of teleportation {unknown}
 s - a scroll of enchant armour {unknown}
Potions
 d - a potion of might


   Skills:
 + Level 4.2 Fighting
 + Level 4.6 Axes
 + Level 4.2 Armour
 + Level 0.1 Dodging
 + Level 3.6 Shields


You had 3 spell levels left.
You didn't know any spells.
Your spell library was empty.

Dungeon Overview and Level Annotations

Branches:
Dungeon (2/15)

Altars:

Shops:
D:1 [

Annotations:
D:2 Sigmund


Message History

You miss something. Something hits you.
You barely miss something. Something hits you!
* * * LOW HITPOINT WARNING * * *
As you read the scroll labelled XUANNYNL LIHU, it crumbles to dust.
It is a scroll of identify.
h - 2 scrolls of blinking Blink to where?
Press: ? - help, Dir - move target
As you read the scroll of blinking, it crumbles to dust.
It was a potion of attraction.
You feel attractive to monsters.
It was a potion of curing.
You feel better. Something hits you. Something is attracted toward you.
Something hits you.
You miss something. Something hits you!
* * * LOW HITPOINT WARNING * * *
You slash something! You slash something! Something hits you.
* * * LOW HITPOINT WARNING * * *
You barely miss something.
You hear some strange, mumbled words.
You are confused.
Something hits you but does no damage.
You're too confused to move!
You bump into the rock wall.
You hear some strange, mumbled words.
A magic dart appears from out of thin air!
The magic dart hits you but does no damage.
You bump into the rock wall.
Something hits you but does no damage.
You barely miss something. Something hits you but does no damage.
You bump into the rock wall.
You bump into the rock wall.
You feel less confused. Something hits you.
* * * LOW HITPOINT WARNING * * *
You miss something.
You hear some strange, mumbled words.
Something tries to affect you, but you resist.
You closely miss something. Something hits you!
You die...

#.# #..#
#.#...... #.#
#..# #.#.....#
#.# #..#
#.#.....# #.#
#..# #.#.....#
#.# #..#
#.#.##### #.#
#..# #.#.#....
#(# #..#
#.#.#.###
#{###..# #...#.#
#@..#..#######.#
###.#..........#
#.#.############
#.#.# #.......
#.#.#####.##..##
#.#.............
#.#######.######
#.# #......# #.#
######.#


There were no monsters in sight!

Vanquished Creatures
  Crazy Yiuf (D:2)
  Terence (D:2)
  Robin (D:2)
  6 ball pythons
  5 endoplasms (D:1)
  A giant cockroach (D:1)
  4 hobgoblins
  6 jackals (D:2)
  2 quokkas (D:1)
  10 goblins
  3 kobolds
  3 rats
43 creatures vanquished.

Vanquished Creatures (others)
  A goblin (D:2)
1 creature vanquished.

Grand Total: 44 creatures vanquished

Notes
Turn   | Place    | Note
-------+----------+-------------------------------------------
     0 | D:1      | fireball365 the Hill Orc Fighter began the quest for the
                  | Orb.
     0 | D:1      | Reached XP level 1. HP: 19/19 MP: 1/1
    84 | D:1      | Found Egamp's Armour Boutique.
    97 | D:1      | Reached XP level 2. HP: 20/27 MP: 2/2
   375 | D:1      | Found a faded altar of an unknown god.
   709 | D:1      | Reached XP level 3. HP: 33/33 MP: 3/3
   984 | D:2      | Noticed Robin
   991 | D:2      | Killed Robin
  1274 | D:2      | Noticed Terence
  1296 | D:2      | Killed Terence
  1297 | D:2      | Reached XP level 4. HP: 11/40 MP: 4/4
  1773 | D:2      | Found a runed translucent door.
  1774 | D:2      | Noticed Crazy Yiuf
  1780 | D:2      | Killed Crazy Yiuf
  2013 | D:2      | Noticed Sigmund
  2048 | D:2      | Slain by Sigmund

Illustrated notes

Levels and vault maps discovered:
D:1:      heliophobic_arrival_ceremonial_halls, layout_loops_ring, serial_shops,
          nicolae_shop_advertising_works [nicolae_subvault_shop_adworks],
          nicolae_ecumenical_snake_handling
D:2:      layout_basic, uniq_crazy_yiuf_cottage, uniq_terence, uniq_sigmund,
          uniq_robin

Skill      XL: |  1  2  3 |
---------------+----------+-----
Axes           | 3 4 |  4.6
Fighting       | 4 |  4.2
Armour         | 4 |  4.2
Dodging        | |  0.1
Shields        | |  3.6

Action                     |  1- 3 |  4- 6 || total
---------------------------+-------+-------++-------
  Melee: War axe           |    82 |    35 ||   117
    Use: Scroll            |       |     2 ||     2
         Potion            |       |     2 ||     2
 Armour: Scale mail        |    43 |    17 ||    60
  Dodge: Dodged            |    40 |     3 ||    43
  Block: Buckler           |    28 |     6 ||    34
